 Dungeon Crawl Stone Soup version 0.24.0-13-gcf9b3192b9 (webtiles) character file.

Game seed: 15215655882321188476, levelgen mode: deterministic

14021 Kobob the Grappler (level 11, -11/100 HPs)
             Began as a Troll Fighter on Nov 8, 2019.
             Was a High Priest of Okawaru.
             Mangled by a yak (14 damage)
             ... on level 10 of the Dungeon on Nov 9, 2019.
             The game lasted 01:05:17 (11802 turns).

Kobob the Grappler (Troll Fighter)                 Turns: 11802, Time: 01:05:18

Health: -11/100    AC:  7    Str: 27    XL:     11   Next: 83%
Magic:  10/10      EV: 10    Int:  4    God:    Okawaru [*****.]
Gold:   762        SH: 11    Dex: 15    Spells: 10/10 levels left

rFire    + . .     SeeInvis .   M - +6 falchion "Vair" {flame, rC+++ Str-2 Dex+6 Stlth+}
rCold    + + +     Gourm    +   b - +0 shield
rNeg     . . .     Faith    .   z - +0 robe {MR+}
rPois    .         Spirit   .   (helmet restricted)
rElec    .         Reflect  .   h - +0 cloak
rCorr    .         Harm     .   (gloves unavailable)
MR       +....                  (boots unavailable)
Stlth    ++........             (no amulet)
HPRegen  0.66/turn              o - ring of protection from fire
MPRegen  0.12/turn              (no ring)

@: slowed, very slow
A: large, unfitting armour, claws 3, fast metabolism 3, gourmand, regeneration
1, shaggy fur 1, tough skin 3
a: Heroism, Finesse, Renounce Religion


You were on level 10 of the Dungeon.
You worshipped Okawaru.
Okawaru was extremely pleased with you.
You were very full.

You visited 2 branches of the dungeon, and saw 12 of its levels.

You collected 762 gold pieces.

Inventory:

Hand Weapons
 t - a +2 mace of crushing
 M - the +6 falchion "Vair" (weapon) {flame, rC+++ Str-2 Dex+6 Stlth+}
   (Okawaru gifted it to you on level 10 of the Dungeon)

   It has been specially enchanted to burn those struck by it, causing extra
   injury to most foes and up to half again as much damage against particularly
   susceptible opponents.
   Big, fiery blades are also staple armaments of hydra-hunters.
   It affects your strength (-2).
   It affects your dexterity (+6).
   It renders you almost immune to cold.
   It makes you more stealthy.
Missiles
 l - 18 stones
 K - 7 large rocks (quivered)
Armour
 a - a +1 robe
 b - a +0 shield (worn)
 h - a +0 cloak (worn)
 n - a +0 large shield
 z - a +0 robe of magic resistance (worn)
 G - the +2 robe of Amorality {Int+5}
   (You found it on level 10 of the Dungeon)

   It affects your intelligence (+5).
Magical Staves
 L - an uncursed staff of wizardry {unknown}
Jewellery
 o - a ring of protection from fire (left claw)
 C - an uncursed amulet of magic regeneration
 F - an uncursed ring of ice
Wands
 A - a wand of flame (53)
 B - a wand of iceblast (2)
Scrolls
 e - 2 scrolls of enchant weapon
 g - a scroll of identify
 i - a scroll of fear
 j - 2 scrolls of amnesia
 q - 2 scrolls of remove curse
 s - 2 scrolls of fog
 D - a scroll of enchant armour
 E - 2 scrolls of teleportation
 I - a scroll of immolation {unknown}
Potions
 c - a potion of might
 f - 7 potions of curing
 k - a potion of lignification
 m - 3 potions of heal wounds
 r - a potion of invisibility
 u - a potion of flight
 v - a potion of ambrosia
 w - 2 potions of haste
 x - 2 potions of magic
 J - a potion of cancellation {unknown}
Comestibles
 d - 25 rations


   Skills:
 + Level 4.1 Fighting
 * Level 1.5 Long Blades
 * Level 11.3 Throwing
 + Level 1.5 Armour
 + Level 2.5 Dodging
 + Level 6.3 Shields
 - Level 11.7 Unarmed Combat
 - Level 0.6 Evocations


You had 10 spell levels left.
You didn't know any spells.
Your spell library contained the following spells:

 Spells                   Type           Power        Failure   Level  Hunger
 Beastly Appendage        Tmut           #.....       69%         1    ##.....
 Corona                   Hex            #......      69%         1    ##.....
 Ensorcelled Hibernation  Hex/Ice        #.....       83%         2    ###....
 Sticks to Snakes         Tmut           #.......     83%         2    ###....
 Confuse                  Hex            #.......     96%         3    ####...
 Dazzling Spray           Conj/Hex       #.....       96%         3    ####...
 Spider Form              Tmut/Pois      #.........   96%         3    ####...
 Tukima's Dance           Hex            #.......     96%         3    ####...
 Ice Form                 Ice/Tmut       #.......     100%        4    #####..
 Blade Hands              Tmut           #.........   100%        5    ######.


Dungeon Overview and Level Annotations

Branches:
Dungeon (11/15)            Temple (1/1) D:7             Orc (0/2) D:9
   Lair: D:8-11

Altars:
Ashenzari
Cheibriados
Dithmenos
Elyvilon
Fedhas
Gozag
Hepliaklqana
Kikubaaqudgha
Makhleb
Nemelex Xobeh
Okawaru
Qazlal
Ru
Sif Muna
Trog
Uskayaw
Vehumet
Wu Jian
Xom
Yredelemnul
Zin
The Shining One

Shops:
D:4 :   D:10 *

Annotations:
D:11 Nergalle


Innate Abilities, Weirdness & Mutations

You are too large for most types of armour.
You have claws for hands.
Your metabolism is lightning-fast.
You like to eat raw meat.
Your natural rate of healing is unusually fast.
You are covered in fur. (AC +1)
You have extremely tough skin. (AC +3)


Message History

You slash the yak! You burn the yak.
The yak is heavily wounded.
You block the yak's attack. x3
You slash the yak! You burn the yak.
The yak is almost dead.
The yak gores you!
* * * LOW HITPOINT WARNING * * *
You closely miss the yak.
The yak is almost dead.
You block the yak's attack. The yak barely misses you.
You hit the yak. You burn the yak.
The yak is almost dead.
The yak gores you!
* * * LOW HITPOINT WARNING * * *
The yak gores you.
* * * LOW HITPOINT WARNING * * *
You closely miss the yak.
The yak is almost dead.
The yak gores you!
You die...

......#####.##.#....#.#..#.# #.
####..###รท.....#......#..#.# #.
...#...##.#.##.#....#.#..#.# #.
##.#...##.#.####....#.#..#.# #.
...#......#.........#.#..#.# #.
##.#.##.#####.......#.#..#.#####.
...#................#.#..#.......
................Y>#.#.#..########
.....=..........@........#
##.####..###.####.#.#.##.## ##.#
#........#....#.....# ##.#
#...##.#.#..#.####### ##.#
#.#.##.#.#..#.# ##.#
#......#.#..#.#
##.#######.###.#..#.#
##.............#..#.#
###########.####..#.##


You could see a yak.

Vanquished Creatures
  Josephine (D:10)
  Erica (D:10)
  A two-headed ogre (D:10)
  An ugly thing (D:9)
  Maurice (D:9)
  A cyclops (D:11)
  2 gargoyles (D:10)
  Psyche (D:10)
  A kobold demonologist (D:10)
  A troll (D:10)
  A hippogriff (D:4)
  5 wraiths
  A wyvern (D:10)
  6 yaks (D:10)
  A hungry ghost (D:11)
  A soldier ant (D:10)
  An acid dragon (D:11)
  3 water moccasins
  An ice beast (D:8)
  3 sky beasts
  2 black bears
  5 orc warriors
  A necrophage (D:9)
  A swamp drake (D:9)
  10 ogres
  3 phantoms
  7 centaurs
  Blork the orc (D:4)
  A big kobold (D:10)
  7 bullfrogs
  3 scorpions
  5 killer bees
  20 wights
  A howler monkey (D:5)
  3 crimson imps
  2 centaur zombies
  2 bullfrog zombies
  4 jellies
  A lava snake (D:7)
  7 hounds
  15 orc wizards
  12 orc priests
  A bullfrog skeleton (D:10)
  2 centaur skeletons
  7 worker ants
  4 iguanas
  A hound zombie (D:7)
  2 hound skeletons (D:8)
  2 worker ant zombies
  Robin (D:4)
  3 gnolls (D:7)
  12 adders
  2 shadow imps
  2 oozes (D:1)
  2 adder zombies
  3 worms
  2 dart slugs (D:1)
  5 leopard geckos
  42 orcs
  2 ball pythons
  14 giant cockroaches
  13 goblins
  7 hobgoblins
  16 jackals
  6 kobolds
  3 quokkas
  5 bats
  2 frilled lizards
  A giant cockroach zombie (D:5)
  A jackal skeleton (D:4)
  A leopard gecko skeleton (D:4)
  A quokka skeleton (D:4)
  2 quokka zombies
  7 rats
  2 bushes
323 creatures vanquished.

Notes
Turn   | Place    | Note
-------+----------+-------------------------------------------
     0 | D:1      | Kobob the Troll Fighter began the quest for the Orb.
     0 | D:1      | Reached XP level 1. HP: 22/22 MP: 0/0
    96 | D:1      | Reached XP level 2. HP: 26/29 MP: 1/1
   642 | D:2      | Noticed an ogre
   691 | D:1      | Reached XP level 3. HP: 36/36 MP: 2/2
   713 | D:1      | Reached skill level 1 in Armour
   776 | D:2      | Killed an ogre
   776 | D:2      | Reached XP level 4. HP: 6/45 MP: 3/3
  1197 | D:2      | Reached XP level 5. HP: 53/53 MP: 4/4
  1663 | D:3      | Reached skill level 1 in Throwing
  2496 | D:4      | Noticed Robin
  2568 | D:4      | Killed Robin
  2653 | D:4      | Found Rererat's Book Emporium.
  2781 | D:4      | Reached XP level 6. HP: 58/61 MP: 5/5
  2790 | D:4      | Found a shimmering blue altar of Sif Muna.
  3473 | D:4      | Noticed Blork the orc
  3483 | D:4      | Killed Blork the orc
  3483 | D:4      | Reached skill level 5 in Unarmed Combat
  3483 | D:4      | Reached XP level 7. HP: 67/67 MP: 6/6
  3761 | D:4      | Noticed a hippogriff
  3769 | D:4      | Killed a hippogriff
  3793 | D:5      | Entered Level 5 of the Dungeon
  3793 | D:5      | Found a glowing silver altar of Zin.
  4194 | D:5      | Reached XP level 8. HP: 75/75 MP: 7/7
  4578 | D:5      | Found a shattered altar of Ashenzari.
  4579 | D:5      | Found a hide-covered altar of Uskayaw.
  4580 | D:5      | Found an iron altar of Okawaru.
  4784 | D:5      | Found the +8 orange crystal plate armour {Archmagi, Int+3
                  | Clar}
  4852 | D:6      | Reached skill level 5 in Throwing
  5441 | D:6      | Reached XP level 9. HP: 77/83 MP: 8/8
  5627 | D:7      | Found a shattered altar of Ashenzari.
  5743 | D:7      | Found a staircase to the Ecumenical Temple.
  5782 | Temple   | Entered the Ecumenical Temple
  6113 | D:5      | Became a worshipper of Warmaster Okawaru
  7024 | D:8      | Reached * piety under Okawaru
  7056 | D:8      | Reached skill level 5 in Shields
  7363 | D:8      | Reached ** piety under Okawaru
  7363 | D:8      | Reached XP level 10. HP: 91/91 MP: 9/9
  7704 | D:8      | Reached skill level 10 in Unarmed Combat
  8191 | D:9      | Found a blossoming altar of Fedhas.
  8233 | D:9      | Found a blossoming altar of Fedhas.
  8251 | D:9      | Reached *** piety under Okawaru
  8429 | D:9      | Noticed a cyan ugly thing
  8435 | D:9      | Killed a cyan ugly thing
  8803 | D:9      | Reached **** piety under Okawaru
  8949 | D:9      | Found a staircase to the Orcish Mines.
  9140 | D:9      | Noticed Maurice
  9166 | D:9      | Killed Maurice
  9394 | D:10     | Entered Level 10 of the Dungeon
  9438 | D:10     | Got a faintly humming robe
  9449 | D:10     | Identified the +2 robe of Amorality {Int+5} (You found it
                  | on level 10 of the Dungeon)
  9548 | D:10     | Noticed a gargoyle
  9555 | D:10     | Killed a gargoyle
  9555 | D:10     | Reached XP level 11. HP: 85/98 MP: 10/10
  9610 | D:10     | Noticed Erica
  9620 | D:10     | Killed Erica
  9620 | D:10     | Reached skill level 10 in Throwing
  9719 | D:10     | Found Soun Ryc's Assorted Antiques.
  9889 | D:10     | Noticed Psyche
  9898 | D:10     | Killed Psyche
  9906 | D:10     | Received a gift from Okawaru
  9906 | D:10     | Reached ***** piety under Okawaru
 10151 | D:10     | Noticed Josephine
 10164 | D:10     | Killed Josephine
 11205 | D:11     | Noticed a two-headed ogre
 11378 | D:10     | Killed a two-headed ogre
 11378 | D:10     | Received a gift from Okawaru
 11379 | D:10     | Got a scorched falchion {god gift}
 11380 | D:10     | Identified the +6 falchion "Vair" {flame, rC+++ Str-2 Dex+6
                  | Stlth+} (Okawaru gifted it to you on level 10 of the
                  | Dungeon)
 11410 | D:10     | HP: 4/100 [troll (13)]
 11656 | D:11     | Reached skill level 1 in Long Blades
 11773 | D:11     | Noticed Nergalle
 11796 | D:10     | HP: 4/100 [yak (11)]
 11801 | D:10     | HP: 5/100 [yak (14)]
 11801 | D:10     | HP: 2/100 [yak (3)]
 11802 | D:10     | Mangled by a yak

Levels and vault maps discovered:
D:1:      dpeg_chamrin_arrival_tetris, layout_basic, interstate_on_off
D:2:      layout_rooms
D:3:      minmay_roachtagon, layout_basic
D:4:      layout_cave_pods, serial_shops, kennysheep_little_box,
          corexii_item_surrounded_by_moat, tgw_sif, uniq_robin,
          uniq_blork_the_orc
D:5:      layout_basic, gammafunk_temple_overflow_forgotten, first_ration,
          basic_altar
D:6:      cheibrodos_barr_body, layout_basic
D:7:      layout_rooms, minmay_temple_entry_stoned_glass, basic_altar,
          grunt_ogre_cave, grunt_ministairs_5, kennysheep_doodads,
          grunt_decor_one_mirror
D:8:      layout_gridville, serial_glass, glass_columns_c, glass_columns_a
D:9:      layout_small_grid, lemuel_round_altar, erik_orc_1, kennysheep_nub,
          fountainhead, chequers_avenue, fedhas_bush_and_centaur_altar,
          uniq_maurice
D:10:     layout_basic, serial_shops, shop, uniq_psyche, uniq_erica,
          uniq_josephine
D:11:     minmay_the_grid_square_5x5_5x5 [minmay_the_grid_square_5x5_bridge,
          minmay_the_grid_square_5x5_tri_point, minmay_the_grid_square_5x5_c,
          minmay_the_grid_square_5x5_one_wall,
          minmay_the_grid_square_5x5_broken_cross,
          minmay_the_grid_square_5x5_intrusive_squares,
          minmay_the_grid_square_5x5_prize_rear_guard,
          minmay_the_grid_square_5x5_hollow_slash,
          minmay_the_grid_square_5x5_prize_snowflake,
          minmay_the_grid_square_5x5_fat_x, minmay_the_grid_square_5x5_detours,
          minmay_the_grid_square_5x5_n, minmay_the_grid_square_5x5_prize_itemx,
          minmay_the_grid_square_5x5_minimal,
          minmay_the_grid_square_5x5_eight_small,
          minmay_the_grid_square_5x5_three,
          minmay_the_grid_square_5x5_prize_open,
          minmay_the_grid_square_5x5_misaligned,
          minmay_the_grid_square_5x5_prize_open,
          minmay_the_grid_square_5x5_pentomino_r,
          minmay_the_grid_square_5x5_two_walls_a,
          minmay_the_grid_square_5x5_checkered_statues,
          minmay_the_grid_square_5x5_longway,
          minmay_the_grid_square_5x5_beaten_path,
          minmay_the_grid_square_5x5_meh], layout_gridville, serial_shops,
          nicolae_shop_statue_plus, minmay_misc_feat_five, uniq_nergalle
Temple:   dpeg_five_rooms_temple

Skill      XL: |  1  2  3  4  5  6  7  8  9 10 11 |
---------------+----------------------------------+-----
Armour         | 1 |  1.5
Fighting       | 3 4 |  4.1
Shields        | 3 4 5 6 |  6.3
Unarmed Combat | 3 4 5 6 8 9 10 11 | 11.7
Throwing       | 1 3 4 5 7 9 11 | 11.3
Long Blades    | 1 |  1.5
Dodging        | |  2.5
Evocations     | |  0.6

Action                   |  1- 3 |  4- 6 |  7- 9 | 10-12 || total
-------------------------+-------+-------+-------+-------++-------
Melee: Unarmed           |    74 |   268 |   397 |   301 ||  1040
       Falchion          |       |       |       |    57 ||    57
Throw: Stone             |    17 |   145 |   230 |   197 ||   589
       Large rock        |       |       |       |    21 ||    21
Evoke: Wand              |       |       |       |    12 ||    12
  Use: Scroll            |     5 |     5 |       |     7 ||    17
       Potion            |       |     5 |     1 |     2 ||     8
  Eat: Chunk             |     8 |    28 |    37 |    39 ||   112
Armor: Robe              |    21 |   101 |    90 |    61 ||   273
Dodge: Dodged            |    22 |    70 |    88 |   100 ||   280
Block: Shield            |    33 |   106 |   123 |   172 ||   434
       Rpst.: Falchion   |       |       |       |     7 ||     7
